[Event "*** Titled Tuesday Blitz"]
[Site "Chess.com"]
[Date "2021.03.02"]
[Round "6"]
[White "Berardino"]
[Black "Rozhkov_V"]
[Result "1-0"]
[WhiteElo "2572"]
[BlackElo "2386"]
[TimeControl "180+1"]
[EndTime "11:06:40 PST"]
[Termination "Berardino won by resignation"]

1. e4 c5 2. Nf3 d6 3. d4 cxd4 4.
Nxd4 Nf6 5. Nc3 Nc6 6. Bc4 Bd7 7. Bb3 Rc8 8. Bg5 h6 9. Bxf6 gxf6 10. Nf5 Bxf5 11. exf5 Qa5 12. Qh5 Qe5+ 13. Kf1 Nd8 14. Re1 Qd4 15. g3 Rg8 16. h4 Qg4 17. Qxg4 Rxg4 18.
Nd5 Kd7 19. Kg2 b5 20. Kf3 Rd4 21. c3 Rd2 22. Re2 Rxe2 23. Kxe2 Bg7 24. a4 e6 25. Nf4 bxa4 26. Bxa4+ Ke7 27. Kf3 Nc6 28. Bxc6 Rxc6 29.
Re1 e5 30. Nd5+ Kd8 31. Ra1 a6 32. Nb4 Rb6 33. Rxa6 Rxa6 34. Nxa6 d5 35. Nb4 1-0

[Event "*** Titled Tuesday Blitz"]
[Site "Chess.com"]
[Date "2021.03.02"]
[Round "6"]
[White "frankshar"]
[Black "IriBu"]
[Result "1/2-1/2"]
[WhiteElo "2358"]
[BlackElo "2551"]
[TimeControl "180+1"]
[EndTime "11:06:40 PST"]
[Termination "Game drawn by repetition"]

1. d4 Nf6 2. c4 e6 3. Nf3 Bb4+ 4. Bd2 Qe7 5. Nc3 O-O 6. g3 Bxc3 7. Bxc3 Ne4 8. Rc1 Nxc3 9. Rxc3 d6 10. Bg2 e5 11. O-O a5 12. c5 Nc6 13. cxd6 cxd6 14. dxe5 dxe5 15. Qc1 Be6 16. a3 f6 17. Qe3 Qc7 18.
Rfc1 Bd5 19. Nd2 Qf7 20. Ne4 Rad8 21. Nc5 Nd4 22. Bxd5 Qxd5 23. b4 axb4 24. axb4 h6 25. Nd3 Qa2 26. Kf1 Qd5 27. Kg1 Rd7 28. Ne1 Rfd8 29. Nf3 Nf5 30. Qb6 e4 31. Rc5 Qd6 32. Qxd6 Nxd6 33. Nd2 f5 34. Nc4 g6 35. Nxd6 Rxd6 36.
Rc7 R8d7 37. Rxd7 Rxd7 38. Rc5 Kf7 39. Rb5 g5 40. Rb6 Kg7 41. e3 h5 42. Kf1 Rc7 43.
Ke2 Rc2+ 44. Ke1 Rc7 45. Ke2 Kf7 46. Ke1 Kg7 47. Ke2 1/2-1/2

[Event "*** Titled Tuesday Blitz"]
[Site "Chess.com"]
[Date "2021.03.02"]
[Round "6"]
[White "Azde"]
[Black "lacafi"]
[Result "1-0"]
[WhiteElo "2430"]
[BlackElo "2165"]
[TimeControl "180+1"]
[EndTime "11:06:40 PST"]
[Termination "Azde won on time"]

1. d4 f5 2. e4 fxe4 3. Nc3 g6 4. Nxe4 Nf6 5. Nc3 Bg7 6. Nf3 O-O 7. Bd3 d6 8. h3 Nc6 9. O-O e5 10. d5 Ne7 11.
Bc4 Kh8 12. a4 Nh5 13. Ng5 Nf4 14. Kh2 h6 15. Nge4 g5 16. Bxf4 Rxf4 17. g3 Rf8 18.
Qh5 Qe8 19. Qxe8 Rxe8 20. Nb5 Bf5 21. f3 Rec8 22. g4 Bh7 23. Rad1 a6 24. Nbc3 Ng6 25. Ng3 Nf4 26. Nce4 Rab8 27. c3 b5 28. axb5 axb5 29.
Bb3 b4 30. c4 Rd8 31. Rc1 Nd3 32. Rc2 Nc5 33. Nxc5 Bxc2 34. Bxc2 dxc5 35. Ne4 Kg8 36. Bb3 Bf8 37. Kg3 Bd6 38. h4 gxh4+ 39. Kxh4 Kg7 40. Ng3 Rbc8 41. Nf5+ Kg6 42. Bc2 Kf6 43. Be4 Ra8 44. Kg3 Ra2 45. Rf2 Kg5 46. Rh2 Rda8 47. Rh5+ Kf6 48. Rxh6+ Kf7 49. Rh7+ Kf6 50. Kh4 1-0

[Event "*** Titled Tuesday Blitz"]
[Site "Chess.com"]
[Date "2021.03.02"]
[Round "6"]
[White "TheBigBoss04"]
[Black "rasmussvane"]
[Result "0-1"]
[WhiteElo "2745"]
[BlackElo "2960"]
[TimeControl "180+1"]
[EndTime "11:06:41 PST"]
[Termination "rasmussvane won on time"]

1. c4 e6 2. Nc3 d5 3. d4 a6 4.
cxd5 exd5 5. Qb3 Nc6 6. Nf3 Bb4 7. Bg5 f6 8. Bf4 Nge7 9. e3 O-O 10. Be2 Bf5 11. O-O Kh8 12. a3 Bd6 13. Bg3 Bxg3 14.
hxg3 Qd6 15. Na4 Nd8 16. Qb4 Qxb4 17. axb4 c6 18. Nd2 Nf7 19. Nb6 Rad8 20. Nb3 Nd6 21. Nc5 Nec8 22. Nba4 Rfe8 23. Rfc1 Ne7 24. g4 Bg6 25. Nb6 Bf7 26. f3 Nec8 27. Nxc8 Rxc8 28.
Kf2 Rc7 29. Bd3 Kg8 30. Rh1 h6 31. Rhc1 Rce7 32. Rc3 g5 33. Re1 Kg7 34. Rh1 Rxe3 35. Rd1 Bg6 36. Bxg6 Re2+ 37. Kg3 Kxg6 38. Rb3 f5 0-1

[Event "*** Titled Tuesday Blitz"]
[Site "Chess.com"]
[Date "2021.03.02"]
[Round "6"]
[White "Ginger_GM"]
[Black "Chandradi"]
[Result "0-1"]
[WhiteElo "2625"]
[BlackElo "2368"]
[TimeControl "180+1"]
[EndTime "11:06:42 PST"]
[Termination "Chandradi won by resignation"]

1. c4 c6 2. Nc3 d5 3. d4 Nf6 4.
Nf3 e6 5. Bg5 Nbd7 6. Qc2 Be7 7.
e3 a6 8. h4 h6 9. Bf4 O-O 10.
O-O-O dxc4 11. Bxc4 b5 12. Be2 Qa5 13. Kb1 b4 14.
Na4 Nd5 15. Ng5 N7f6 16. Be5 Bd7 17. Bc4 b3 18. axb3 Nb4 19. Qd2 c5 20. dxc5 Bxa4 21.
bxa4 Qxc5 22. Qd4 Qxd4 23. Rxd4 Nc6 24. Bxf6 Bxf6 25. Rd6 Ne5 26. Be2 hxg5 27. hxg5 Bxg5 28. f4 Be7 29. fxe5 Bxd6 30. exd6 Rfd8 31. Rd1 Ra7 32.
e4 f6 33. b4 Rad7 34. Bxa6 Rxd6 35. Rxd6 Rxd6 36. Be2 Rd4 37. Kc2 Rxe4 38. Kc3 Rxe2 39. a5 Kf7 40. b5 Ke7 41. a6 Kd7 42. b6 Ra2 0-1

[Event "*** Titled Tuesday Blitz"]
[Site "Chess.com"]
[Date "2021.03.02"]
[Round "6"]
[White "Grieve72"]
[Black "ChessQueen"]
[Result "0-1"]
[WhiteElo "2529"]
[BlackElo "2725"]
[TimeControl "180+1"]
[EndTime "11:06:42 PST"]
[Termination "ChessQueen won by resignation"]

1. e4 c6 2. d4 d5 3. e5 c5 4. dxc5 e6 5. a3 Bxc5 6. b4 Bb6 7. Bb2 Ne7 8. Bd3 Nbc6 9. Nf3 Ng6 10. O-O O-O 11.
Re1 f6 12. exf6 gxf6 13. c4 Nce5 14. Nxe5 fxe5 15. c5 Bc7 16. Bxg6 hxg6 17. Bxe5 Bxe5 18.
Rxe5 Qf6 19. Qe2 a5 20. b5 Bd7 21. a4 Rac8 22. Nd2 Rxc5 23. Re1 Rc2 24. f3 Qf4 25. Re3 Qxa4 26. Qd3 Kg7 27. Rxe6 Bxe6 28.
Rxe6 Rf5 29. g4 Rf6 30. Re7+ Rf7 31. Rxf7+ Kxf7 32. Qxd5+ Ke8 33. Qe6+ Kd8 34. Qd6+ Kc8 35. h4 Qa1+ 36. Nf1 Qg7 37. Qe6+ Kb8 38. Ne3 Qa1+ 39.
Nf1 Qd4+ 40. Kh1 Rc1 41. Qe8+ Ka7 42. Qe2 a4 43. Kg2 a3 44. Ne3 Qb2 45. Kf2 Qxe2+ 46.
Kxe2 a2 47. Nc2 Rxc2+ 0-1

[Event "*** Titled Tuesday Blitz"]
[Site "Chess.com"]
[Date "2021.03.02"]
[Round "6"]
[White "Federtiu"]
[Black "Grandelicious"]
[Result "0-1"]
[WhiteElo "2641"]
[BlackElo "2852"]
[TimeControl "180+1"]
[EndTime "11:06:44 PST"]
[Termination "Grandelicious won on time"]

1. e4 c6 2. d4 d5 3. e5 c5 4. Nf3 cxd4 5. Nxd4 Nc6 6. c4 e6 7.
Nc3 Bc5 8. Nxc6 bxc6 9. cxd5 exd5 10. Bd3 Ne7 11. O-O O-O 12. Na4 Bb6 13. b3 Re8 14.
Bb2 Ng6 15. Bxg6 hxg6 16. Rc1 Bd7 17. Nc5 Bf5 18. Re1 Qg5 19. Bd4 Re7 20. Rc3 Rae8 21. g3 Ba5 22. f4 Qh6 23. h4 f6 24. Na4 Bxc3 25. Bxc3 g5 26. fxg5 fxg5 27. Qf3 Be4 28. Qg4 gxh4 0-1

[Event "*** Titled Tuesday Blitz"]
[Site "Chess.com"]
[Date "2021.03.02"]
[Round "6"]
[White "Hongjin"]
[Black "Skatchkov_V"]
[Result "0-1"]
[WhiteElo "2482"]
[BlackElo "2617"]
[TimeControl "180+1"]
[EndTime "11:06:44 PST"]
[Termination "Skatchkov_V won by resignation"]

1. e4 e5 2. Nf3 d5 3. Nc3 d4 4. Ne2 Bd6 5. Ng3 c5 6. Bc4 Nc6 7. O-O Nf6 8. d3 Be6 9. Bxe6 fxe6 10. Ng5 Qd7 11. f4 exf4 12. Bxf4 Bxf4 13. Rxf4 O-O-O 14. Qe2 h6 15. Nh3 Ne5 16. Nf2 Rdf8 17. Nh5 Nxh5 18. Rxf8+ Rxf8 19. Qxh5 Qf7 20. Qxf7 Rxf7 21. h3 b5 22. Nh1 c4 23. a4 cxd3 24. cxd3 Nxd3 25. axb5 Nxb2 26. Ra2 Nc4 27. Nf2 Nd6 28. Ra6 Nxb5 29. Rxe6 a5 30. Re5 Rb7 31. Nd3 a4 32. Nc5 a3 33. Re8+ Kc7 34. Nxb7 Kxb7 35. Re5 Kc6 36. Rf5 a2 37. Rf1 Kc5 38. Kf2 Nc3 39.
Kf3 Nb1 40. Rc1+ Kd6 41. e5+ Kd5 42. e6 a1=Q 43. e7 Qa3+ 0-1

[Event "*** Titled Tuesday Blitz"]
[Site "Chess.com"]
[Date "2021.03.02"]
[Round "6"]
[White "NateSolon"]
[Black "Problematique_99"]
[Result "1-0"]
[WhiteElo "2595"]
[BlackElo "2447"]
[TimeControl "180+1"]
[EndTime "11:06:44 PST"]
[Termination "NateSolon won by resignation"]

1. d4 Nf6 2. c4 e6 3. Nf3 d5 4.
g3 Be7 5. Bg2 O-O 6. O-O dxc4 7.
Qc2 a6 8. a4 Bd7 9. Rd1 Bc6 10.
Nc3 Bxf3 11. Bxf3 c6 12. a5 Bb4 13. Qa4 Qe7 14. Na2 c5 15. dxc5 Bxc5 16. Qxc4 Rc8 17. Qh4 Nc6 18. Nc3 Nd4 19. Rxd4 Bxd4 20. Qxd4 Rd8 21. Qb6 Nd5 22. Nxd5 exd5 23. Be3 Rac8 24.
Rd1 Rc6 25. Qb3 Qe6 26. Bb6 Rd7 27. Bxd5 Qxe2 28. Kg2 Rcd6 29. Bxf7+ Rxf7 30. Rxd6 Qe4+ 31. f3 Qe2+ 32. Bf2 h5 33. Rd8+ 1-0

[Event "*** Titled Tuesday Blitz"]
[Site "Chess.com"]
[Date "2021.03.02"]
[Round "6"]
[White "Schack-Hugo"]
[Black "CakeinSpace2002"]
[Result "0-1"]
[WhiteElo "2224"]
[BlackElo "2409"]
[TimeControl "180+1"]
[EndTime "11:06:44 PST"]
[Termination "CakeinSpace2002 won on time"]

1. e4 c5 2. Nf3 Nc6 3. d4 cxd4 4. Nxd4 Nf6 5. Nc3 e5 6. Ndb5 d6 7. Bg5 a6 8. Na3 b5 9. Nd5 Be7 10. Bxf6 Bxf6 11. c3 O-O 12. Nc2 Rb8 13. a4 bxa4 14.
Ncb4 Nxb4 15. Nxb4 Bb7 16. Qxa4 a5 17. Nd5 Bxd5 18.
exd5 Rxb2 19. Qxa5 Rb1+ 20. Kd2 Bg5+ 21. Kc2 Rc1+ 22.
Kd3 Qf6 23. Rxc1 Qf5+ 24. Ke2 Bxc1 25. Qa4 Rb8 26. g4 Rb2+ 27. Kd1 Qc8 28. Ba6 Rd2+ 29.
Ke1 Qd8 30. Kf1 g6 31. Kg2 Qf6 0-1

[Event "*** Titled Tuesday Blitz"]
[Site "Chess.com"]
[Date "2021.03.02"]
[Round "6"]
[White "oogee"]
[Black "Mazanchenko_Dmitry"]
[Result "1/2-1/2"]
[WhiteElo "2371"]
[BlackElo "2112"]
[TimeControl "180+1"]
[EndTime "11:06:44 PST"]
[Termination "Game drawn by agreement"]

1. d4 g6 2. c4 Bg7 3. Nc3 d6 4. Nf3 Bg4 5. e4 Nc6 6. Be3 e5 7. d5 Nd4 8. Be2 Bxf3 9. Bxf3 c5 10. h4 f5 11. exf5 gxf5 12. Bh5+ Kf8 13. Bg5 Bf6 14.
Qd2 h6 15. Bxf6 Nxf6 16. Bg6 Kg7 17. h5 Ng4 18. Ne2 Qg5 19. Qxg5 hxg5 20. Nxd4 exd4 21. Bxf5 Nf6 22. g4 Raf8 23. Kd2 Nxh5 24. Rae1 Rf7 25.
Re6 Nf4 26. Rxh8 Kxh8 27. Rxd6 Re7 28. Rh6+ Kg7 29. Rh7+ Kf6 30. Rxe7 Kxe7 31. a3 b6 32.
b4 Kd6 33. Kc2 a5 34. Kb3 axb4 35. axb4 Ne2 36. b5 Nf4 37. Kc2 Nh3 38. f3 Nf4 39. Kd2 Ke5 40. Ke1 Kd6 41. Kf2 Ke5 42. Be4 Kd6 43.
Kg3 Ke5 44. Kf2 Kd6 45. Ke1 Ke5 46. Kd2 1/2-1/2

[Event "*** Titled Tuesday Blitz"]
[Site "Chess.com"]
[Date "2021.03.02"]
[Round "6"]
[White "Savagelittlemole"]
[Black "1random"]
[Result "1-0"]
[WhiteElo "2522"]
[BlackElo "2652"]
[TimeControl "180+1"]
[EndTime "11:06:48 PST"]
[Termination "Savagelittlemole won by checkmate"]

1. e4 d5 2. exd5 Nf6 3. Bb5+ Nbd7 4. Nc3 a6 5. Ba4 b5 6. Bb3 Nb6 7. Nge2 Nbxd5 8. O-O e6 9. d4 Be7 10. Bg5 O-O 11.
Nxd5 exd5 12. Nf4 c6 13. c3 Bf5 14. Bxf6 Bxf6 15. Bc2 Bxc2 16. Qxc2 Qd6 17. Nd3 a5 18. Rae1 a4 19. a3 Rfe8 20. Re2 Rxe2 21. Qxe2 g6 22. Re1 Kg7 23. Nc5 Ra7 24. g3 h5 25. Kg2 Re7 26.
Qd1 Qd8 27. Re2 Qe8 28. Rxe7 Qxe7 29. Kf1 Qe8 30. Qe2 Qc8 31. Kg2 Qf5 32. h4 Qb1 33. Nd3 Kf8 34. Nb4 g5 35. hxg5 Bxg5 36. Qxh5 Bc1 37. Nxc6 Qe4+ 38. Kh2 Ke8 39. Ne5 Qh1+ 40. Kxh1 Bh6 41. Qxf7+ Kd8 42. Qd7# 1-0

[Event "*** Titled Tuesday Blitz"]
[Site "Chess.com"]
[Date "2021.03.02"]
[Round "6"]
[White "zmeeed67"]
[Black "Godzillator"]
[Result "1-0"]
[WhiteElo "2431"]
[BlackElo "2289"]
[TimeControl "180+1"]
[EndTime "11:06:50 PST"]
[Termination "zmeeed67 won by checkmate"]

1. d4 d5 2. c4 c6 3. Nc3 Nf6 4. e3 a6 5. Bd3 b5 6. b3 Bg4 7.
Nge2 e6 8. O-O Bh5 9. f3 Bg6 10. Nf4 Bd6 11. Nxg6 hxg6 12. h3 Qc7 13. f4 Nbd7 14. c5 Be7 15. Qf3 a5 16. Bd2 O-O 17. g4 b4 18. Ne2 Rad8 19. Ng3 Rfe8 20. Kg2 Bf8 21. h4 Nh7 22. h5 gxh5 23. Rh1 Ndf6 24. Nxh5 Ne4 25. Bxe4 dxe4 26. Qh3 f5 27. g5 g6 28.
Nf6+ Nxf6 29. Qh8+ Kf7 30. Qxf6+ Kg8 31. Rh8# 1-0

[Event "*** Titled Tuesday Blitz"]
[Site "Chess.com"]
[Date "2021.03.02"]
[Round "6"]
[White "CheckThis4"]
[Black "GLeruste"]
[Result "1-0"]
[WhiteElo "2624"]
[BlackElo "2486"]
[TimeControl "180+1"]
[EndTime "11:06:51 PST"]
[Termination "CheckThis4 won by resignation"]

1. d4 c5 2. d5 d6 3. Nc3 Nf6 4. e4 e6 5. Bg5 Be7 6. Bb5+ Bd7 7. dxe6 fxe6 8. e5 Bxb5 9. exf6 gxf6 10. Qh5+ Kd7 11. Bf4 Bc6 12. O-O-O e5 13. Be3 Qg8 14. Nf3 Qxg2 15. Nxe5+ fxe5 16. Qxe5 Re8 17. Rhg1 Qf3 18. Bxc5 Qf8 19. Qd4 Kc7 20. Ba3 Nd7 21. Rg7 Rad8 22. Rxe7 Rxe7 23. Bxd6+ Kc8 24. Qxa7 Qf3 25. Qa8+ Nb8 26.
Qxb8+ Kd7 27. Qc7+ Ke6 28. Qxe7+ Kf5 29. Qe5+ Kg6 30.
Rg1+ 1-0

[Event "*** Titled Tuesday Blitz"]
[Site "Chess.com"]
[Date "2021.03.02"]
[Round "6"]
[White "anpospan"]
[Black "j2806"]
[Result "1-0"]
[WhiteElo "2378"]
[BlackElo "2090"]
[TimeControl "180+1"]
[EndTime "11:06:51 PST"]
[Termination "anpospan won by resignation"]

1. d4 d5 2. c4 e6 3. Nc3 Nf6 4. cxd5 exd5 5. Bg5 c6 6. e3 Be7 7. Bd3 Nbd7 8. Nge2 Nh5 9. Bxe7 Qxe7 10. Qc2 g6 11. g4 Ng7 12. h4 Nb6 13. g5 Bf5 14. O-O-O O-O-O 15. Kb1 h6 16. Bxf5+ Nxf5 17. gxh6 Rxh6 18. h5 Rdh8 19. Nf4 Kb8 20. Rhg1 Qf6 21. hxg6 fxg6 22. a4 g5 23. Nd3 Nd6 24. Ne5 R6h7 25. f4 gxf4 26. Rg6 Qd8 27. exf4 Nbc8 28. Qb3 Ka8 29. Rdg1 Nf7 30. f5 Nxe5 31. dxe5 d4 32. Ne4 Ne7 33. Rg7 d3 34. f6 Rxg7 35. Rxg7 Re8 36. fxe7 Qd7 37. Nf6 d2 38. Nxd7 1-0

[Event "*** Titled Tuesday Blitz"]
[Site "Chess.com"]
[Date "2021.03.02"]
[Round "6"]
[White "PawnEatingZombie"]
[Black "KubaGepard"]
[Result "0-1"]
[WhiteElo "2201"]
[BlackElo "2398"]
[TimeControl "180+1"]
[EndTime "11:06:52 PST"]
[Termination "KubaGepard won on time"]

1. d4 d5 2. c4 dxc4 3. e4 Nf6 4. e5 Nd5 5. Bxc4 Bf5 6. Nc3 e6 7. Nge2 Nb6 8. Bb3 c5 9. dxc5 Qxd1+ 10. Nxd1 Bxc5 11. Be3 N8d7 12. O-O O-O 13. Rc1 Rac8 14. f4 Bd3 15. Bxc5 Bxe2 16. Bxf8 Rxc1 17. Re1 Bxd1 18.
Bd6 Bxb3 19. Rxc1 Bxa2 20. g4 Bd5 21. f5 Bc6 22. Kf2 Nc8 23. Bc7 Kf8 24. Kg3 Ke7 25. h4 Ndb6 26. Bxb6 Nxb6 27. Rd1 Nd5 28. Rd4 Ne3 29.
Kf4 exf5 30. gxf5 f6 31. e6 g6 32. fxg6 hxg6 33. Kxe3 Kxe6 34. Rd8 Kf5 35. Ra8 a6 36.
Rf8 Ke5 37. Rg8 Kf5 38. Rf8 Bd5 39. Kd4 Bc6 40. Kc5 Ke5 41. Rg8 Kf5 42. Rf8 Ke6 43. Kb6 Ke7 44. Rh8 Kf7 45. Rd8 Kg7 46. Rd4 Kh6 47.
b4 f5 48. Kc5 Be4 49. Kc4 Kh5 50. Kc3 Kxh4 51. Kd2 Kg3 52. Ke3 Bc6 53. Rd6 g5 0-1

[Event "*** Titled Tuesday Blitz"]
[Site "Chess.com"]
[Date "2021.03.02"]
[Round "6"]
[White "gisela_roque"]
[Black "WilliamSchill"]
[Result "1-0"]
[WhiteElo "1756"]
[BlackElo "2084"]
[TimeControl "180+1"]
[EndTime "11:06:52 PST"]
[Termination "gisela_roque won on time"]

1. c4 Nf6 2. Nf3 g6 3. g3 Bg7 4. Bg2 O-O 5. O-O d6 6. d3 e5 7. Nc3 Nc6 8. Rb1 a5 9. a3 h6 10. b4 axb4 11. axb4 Be6 12. Nd2 Qd7 13. Re1 Bh3 14.
Bh1 Rab8 15. b5 Ne7 16. Ba3 Ng4 17. Bb4 f5 18. Qb3 f4 19. c5+ Kh7 20. Nf3 Nf5 21.
cxd6 cxd6 22. Ne4 Rbc8 23. Nfg5+ hxg5 24. Nxg5+ Kh8 25. Nxh3 Nd4 26. Qd1 Nc2 27. Rf1 Nxb4 28. Rxb4 Bh6 29. gxf4 exf4 30. Bg2 Ne5 31. Qb3 f3 32.
exf3 Nxf3+ 33. Bxf3 Qxh3 34. Bg2 1-0

[Event "*** Titled Tuesday Blitz"]
[Site "Chess.com"]
[Date "2021.03.02"]
[Round "6"]
[White "VitaRasik"]
[Black "ChessWarrior7197"]
[Result "1/2-1/2"]
[WhiteElo "2550"]
[BlackElo "2896"]
[TimeControl "180+1"]
[EndTime "11:06:53 PST"]
[Termination "Game drawn by repetition"]

1. e4 c6 2. d3 d5 3. Nd2 e5 4. Ngf3 Bd6 5. d4 exd4 6. exd5 Nf6 7. dxc6 Nxc6 8. Be2 O-O 9. O-O Re8 10. Nb3 Qc7 11.
h3 Bf5 12. Nbxd4 Nxd4 13. Nxd4 Rad8 14. c3 Be5 15. Bf3 Be4 16. Bg5 h6 17. Bxf6 Bxf6 18. Bxe4 Rxe4 19. Qf3 Rf4 20. Qg3 Be5 21. Rfe1 Re4 22.
Qf3 Rxe1+ 23. Rxe1 Bxd4 24. cxd4 Rxd4 25. Re8+ Kh7 26. g3 Qd7 27. Rb8 Rb4 28. b3 Rb6 29. Kg2 a6 30. Qe4+ f5 31. Qc4 Re6 32. Rd8 Qxd8 33. Qxe6 Qa5 34. a4 Qc5 35. h4 b5 36. axb5 axb5 37. h5 Qf8 38. Kf3 Qc5 39. Qg6+ Kg8 40. Qe8+ Kh7 41. Qg6+ Kg8 42. Qe8+ Kh7 43.
Qg6+ 1/2-1/2

[Event "*** Titled Tuesday Blitz"]
[Site "Chess.com"]
[Date "2021.03.02"]
[Round "6"]
[White "Darius321"]
[Black "Galileo22"]
[Result "0-1"]
[WhiteElo "2297"]
[BlackElo "2433"]
[TimeControl "180+1"]
[EndTime "11:06:53 PST"]
[Termination "Galileo22 won on time"]

1. e4 g6 2. h4 Bg7 3. h5 d6 4. d4 Nc6 5. Be3 e5 6. h6 Bf6 7. d5 Nb8 8. Nc3 Be7 9. Qd2 Nf6 10. f3 a6 11. O-O-O b5 12. g4 b4 13. Nce2 a5 14.
g5 Nfd7 15. f4 exf4 16. Bxf4 O-O 17. Nf3 f6 18. Ned4 Nc5 19. Bd3 a4 20. Qxb4 fxg5 21. Be3 g4 22. Nd2 Bf6 23. Rhg1 Nbd7 24. Ne6 Nxe6 25. dxe6 Ne5 26. Nc4 Qe7 27. Nxe5 Bxe5 28. Rxg4 Bxe6 29. Bc4 Rfb8 30. Bxe6+ Qxe6 0-1

[Event "*** Titled Tuesday Blitz"]
[Site "Chess.com"]
[Date "2021.03.02"]
[Round "6"]
[White "Trickster_Pony"]
[Black "svilson23"]
[Result "0-1"]
[WhiteElo "1444"]
[BlackElo "2239"]
[TimeControl "180+1"]
[EndTime "11:06:53 PST"]
[Termination "svilson23 won on time"]

1. c4 Nf6 2. g3 e6 3. Bg2 a5 4.
d4 d5 5. Nc3 Bb4 6. Nf3 Ne4 7.
O-O Nxc3 8. bxc3 Bxc3 9. Rb1 Bb4 10. a3 Be7 11. cxd5 exd5 12. Qa4+ c6 13. Bf4 O-O 14. Rfc1 b5 15. Qb3 Bb7 16. Ne5 f6 17. Nd3 Na6 18.
e4 a4 19. Qa2 Kh8 20. exd5 cxd5 21. Rxb5 Rc8 22. Rcb1 Bc6 23. Rb6 Qd7 24. Rxa6 Bb5 25.
Nc5 Bxc5 26. dxc5 Bxa6 27. Bxd5 Rxc5 28. Be6 Qc6 29. Be3 Rc2 30. Qd5 Qxd5 31. Bxd5 h5 32. Kg2 Rc3 33. Bd4 Rd3 34. Rb4 Rd8 35. Rxa4 Rxd5 36. Bxf6 Bb7 37. Bb2 R5d4+ 0-1

[Event "*** Titled Tuesday Blitz"]
[Site "Chess.com"]
[Date "2021.03.02"]
[Round "6"]
[White "Thjop"]
[Black "rpragchess"]
[Result "0-1"]
[WhiteElo "2668"]
[BlackElo "2866"]
[TimeControl "180+1"]
[EndTime "11:06:54 PST"]
[Termination "rpragchess won by resignation"]

1. e4 c5 2. Nf3 e6 3. d3 Nc6 4. g3 g6 5. Bg2 Bg7 6. O-O Nge7 7. c3 e5 8. a3 d6 9. b4 a6 10. Be3 b6 11. d4 exd4 12. cxd4 Bg4 13. Nbd2 cxd4 14.
Bf4 O-O 15. h3 Bxf3 16. Nxf3 Re8 17. Re1 Rc8 18. Rc1 Ne5 19. Nxd4 Rxc1 20. Bxc1 Qc8 21. f4 Nc4 22. Nc2 Nc6 23. Ne3 Nd4 24. Qd3 b5 25.
Nd5 f5 26. Ne3 fxe4 27. Bxe4 Qxh3 28. Nxc4 bxc4 29. Bd5+ Kf8 30. Rxe8+ Kxe8 31. Bxc4 Kf8 32. Qe3 Nf5 33. Qf3 Bd4+ 0-1

[Event "*** Titled Tuesday Blitz"]
[Site "Chess.com"]
[Date "2021.03.02"]
[Round "6"]
[White "dropstoneDP"]
[Black "Chowman64"]
[Result "0-1"]
[WhiteElo "2961"]
[BlackElo "2766"]
[TimeControl "180+1"]
[EndTime "11:06:54 PST"]
[Termination "Chowman64 won on time"]

1. d4 Nf6 2. c4 e6 3. Bf4 c5 4.
d5 b5 5. Nc3 a6 6. Nf3 b4 7.
Na4 d6 8. e4 Nxe4 9. Bd3 Nf6 10.
O-O e5 11. Re1 Nbd7 12. a3 Be7 13. Bd2 bxa3 14. Rxa3 O-O 15. b4 cxb4 16. Bxb4 a5 17. Bc3 Qc7 18. Nh4 Re8 19. Nf5 Bf8 20. Qd2 Nc5 21.
Nxc5 Qxc5 22. Bb4 axb4 23. Rxa8 e4 24. Rxc8 Qxc8 25. Qg5 exd3 0-1

[Event "*** Titled Tuesday Blitz"]
[Site "Chess.com"]
[Date "2021.03.02"]
[Round "6"]
[White "VladaSviridova"]
[Black "KononenkoD"]
[Result "0-1"]
[WhiteElo "2221"]
[BlackElo "2511"]
[TimeControl "180+1"]
[EndTime "11:06:56 PST"]
[Termination "KononenkoD won on time"]

1. d4 Nf6 2. c4 c5 3. d5 b5 4.
cxb5 a6 5. bxa6 g6 6. Nc3 Bg7 7. Nf3 O-O 8. g3 e6 9. a7 Rxa7 10. d6 Qa5 11. Qd2 Bb7 12. Bg2 Nd5 13. Nxd5 Bxd5 14.
O-O Nc6 15. a3 Rb8 16. Rd1 Qxd2 17. Nxd2 Nd4 18. e4 Bc6 19. Nc4 Ba4 20. Rf1 Bb5 21.
Ne3 Bxf1 22. Bxf1 Nb3 23. Rb1 Bd4 24. Nc4 Na5 25. Nd2 Rb6 26. Kg2 Rxd6 27. Nf3 Bg7 28. Bf4 Rb6 29. b4 Nc6 30. Be3 Nd4 31. Rd1 Rxa3 32.
Nxd4 cxd4 33. Bxd4 Bxd4 34. Rxd4 Rb7 35. e5 Kf8 36. Rc4 Ke7 37. h4 Kd8 38. Rd4 h5 0-1

[Event "*** Titled Tuesday Blitz"]
[Site "Chess.com"]
[Date "2021.03.02"]
[Round "6"]
[White "CSB7"]
[Black "nrvisakh"]
[Result "1/2-1/2"]
[WhiteElo "2590"]
[BlackElo "2791"]
[TimeControl "180+1"]
[EndTime "11:06:57 PST"]
[Termination "Game drawn by stalemate"]

1. e4 e5 2. Nf3 Nc6 3. Bb5 Nf6 4. O-O Nxe4 5. d4 Nd6 6. Bxc6 dxc6 7. dxe5 Nf5 8.
Qxd8+ Kxd8 9. h3 h5 10. Nc3 Be6 11. Bf4 b6 12. Ng5 Rh6 13. Rad1+ Ke8 14. Nxe6 Rxe6 15.
Ne4 Be7 16. g4 hxg4 17. hxg4 Nh4 18. f3 f6 19. exf6 gxf6 20. Kf2 f5 21. gxf5 Nxf5 22. Bxc7 Kf7 23. Rh1 Rg8 24. Rh7+ Rg7 25. Rxg7+ Nxg7 26. Bd6 Bh4+ 27. Bg3 Bxg3+ 28. Kxg3 Re7 29. c4 c5 30. Kg4 Ne6 31. Ng5+ Nxg5 32. Kxg5 Re2 33. Rd7+ Ke6 34. Rxa7 Rg2+ 35. Kf4 Rxb2 36. Rb7 Rb4 37. Ke3 Kd6 38. Kd3 Kc6 39. Ra7 Rb1 40. a4 Re1 41. a5 bxa5 42.
Rxa5 Kd6 43. Ra6+ Kd7 44. Rf6 Rd1+ 45. Kc2 Ra1 46. Rf5 Ra3 47. f4 Rf3 48. Rd5+ Ke6 49. f5+ Rxf5 50. Kd3 Rxd5+ 51. cxd5+ Ke5 52. Kc4 Kd6 53.
Kc3 Ke5 54. Kc4 Kd6 55. Kc3 Kxd5 56. Kd3 c4+ 57. Kc3 Kc5 58. Kc2 Kd4 59. Kd2 c3+ 60. Kc2 Kc4 61. Kc1 Kb3 62. Kb1 c2+ 63. Kc1 Kc3 1/2-1/2

[Event "*** Titled Tuesday Blitz"]
[Site "Chess.com"]
[Date "2021.03.02"]
[Round "6"]
[White "Skat2704"]
[Black "vugarrasulov"]
[Result "1/2-1/2"]
[WhiteElo "2577"]
[BlackElo "2791"]
[TimeControl "180+1"]
[EndTime "11:06:57 PST"]
[Termination "Game drawn - insufficient material"]

1. d4 d5 2. c4 c6 3. Nf3 Nf6 4. Nc3 e6 5. Bg5 dxc4 6. e4 b5 7.
e5 h6 8. Bh4 g5 9. exf6 gxh4 10.
Ne5 Qxf6 11. g3 Bd6 12. Qe2 Bxe5 13. dxe5 Qf5 14. Bg2 h3 15. Bf3 a6 16. O-O Qd3 17. Qxd3 cxd3 18. Rfd1 Ke7 19. Rxd3 Rd8 20. Rxd8 Kxd8 21. Bg4 Nd7 22. f4 Ke7 23. Bxh3 Bb7 24.
Bg2 Nb6 25. Rd1 Nc4 26. b3 Ne3 27. Rd6 Nf5 28. Rd2 Rc8 29. Ne4 Rc7 30. Nc5 Ne3 31. Bf3 a5 32. Nxb7 Rxb7 33. Bxc6 Rc7 34. Bxb5 h5 35. h4 Rc1+ 36. Kf2 Ng4+ 37. Kg2 Ra1 38. Rd7+ Kf8 39. Rd8+ Kg7 40. Rd2 f6 41. exf6+ Kxf6 42. Be2 Kf5 43. Bxg4+ Kxg4 44. Re2 Rc1 45. Rxe6 Rc2+ 46.
Kf1 Rxa2 47. Re3 Rb2 48. Ke1 Rg2 49. Rc3 Rb2 50. Kd1 Rf2 51. Kc1 Re2 52. Rc5 Re3 53. Rg5+ Kf3 54. Rxh5 Rxb3 55. Rxa5 Kxg3 56. f5 Kxh4 57.
f6 Rf3 58. Ra6 Kg5 59. Kd2 Rxf6 60. Rxf6 Kxf6 1/2-1/2

[Event "*** Titled Tuesday Blitz"]
[Site "Chess.com"]
[Date "2021.03.02"]
[Round "6"]
[White "SamuelGhimpu2003"]
[Black "Balla_Tamas"]
[Result "0-1"]
[WhiteElo "2630"]
[BlackElo "2517"]
[TimeControl "180+1"]
[EndTime "11:06:57 PST"]
[Termination "Balla_Tamas won by resignation"]

1. e4 d5 2. exd5 Qxd5 3. Nc3 Qd6 4. d4 Nf6 5. Nf3 c6 6. Ne5 Nbd7 7. Nc4 Qc7 8. g3 Nb6 9. Ne5 Bf5 10. Bg2 e6 11. O-O Bd6 12. Qe2 O-O 13. Bg5 Nfd7 14. Rfe1 Nd5 15. Nc4 Nxc3 16. bxc3 Nb6 17. Nxd6 Qxd6 18. Bf4 Qd7 19. Rab1 Nd5 20. Bd2 Bxc2 21. Rb2 Bg6 22. c4 Ne7 23. Bc3 Rac8 24. h4 h6 25. Qe5 Qc7 26. Qe2 b6 27. a4 Rfe8 28. h5 Bh7 29. Qg4 Bf5 30. Qf3 Bh7 31. Rd2 Rcd8 32. Re5 Rd7 33.
Qg4 Bf5 34. Qf4 f6 35. Re1 Qxf4 36. gxf4 Red8 37. Ra1 c5 38. d5 exd5 39. cxd5 Nxd5 40. Rad1 0-1